 Dungeon Crawl Stone Soup version 0.29-a0-512-gf59ac788ac (webtiles) character file.

Game seed: 10810808280859134991

5411 dolemite99 the Cleaver (level 10, 0/81 HPs)
             Began as a Hill Orc Fighter on May 29, 2022.
             Was a Priest of Cheibriados.
             Slain by a vampire (2 damage)
             ... on level 9 of the Dungeon.
             The game lasted 00:15:08 (10104 turns).

dolemite99 the Cleaver (Hill Orc Fighter)          Turns: 10104, Time: 00:15:09

Health: 0/81       AC: 19    Str: 30    XL:     10   Next: 67%
Magic:  16/16      EV:  7    Int: 22    God:    Cheibriados [***...]
Gold:   70         SH:  6    Dex: 20    Spells: 9/9 levels left

rFire   + . .      SeeInvis .   a - +1 war axe (venom)
rCold   . . .      Faith    .   c - +0 buckler
rNeg    . . .      Spirit   .   F - +0 plate armour
rPois   .          Reflect  .   j - +1 helmet
rElec   .          Harm     .   d - +0 cloak
rCorr   .          Rampage  .   G - +0 pair of gloves
Will    .....                   t - +2 pair of boots
Stlth   ..........              l - amulet of regeneration
HPRegen 0.00/turn               r - +6 ring of intelligence
MPRegen 0.15/turn               v - ring of protection from fire

@: about to teleport, sick, invisible, very slow
A: no striking features
a: Renounce Religion, Bend Time, Temporal Distortion


You were on level 9 of the Dungeon.
You worshipped Cheibriados.
Cheibriados was most pleased with you.
You visited 1 branch of the dungeon, and saw 9 of its levels.
You visited the Abyss 1 time.

You collected 515 gold pieces.
You spent 445 gold pieces at shops.

Inventory:

Hand Weapons
 a - a +1 war axe of venom (weapon)
 b - a +3 whip of venom
 q - a +1 spear of pain
 D - a +1 whip of electrocution
 E - a +2 flail of holy wrath
Missiles
 k - 403 stones
 u - 35 poisoned darts
 B - 3 datura-tipped darts
 C - 7 boomerangs
Armour
 c - a +0 buckler (worn)
 d - a +0 cloak (worn)
 j - a +1 helmet (worn)
 t - a +2 pair of boots (worn)
 w - +0 acid dragon scales
 F - a +0 plate armour (worn)
 G - a +0 pair of gloves (worn)
Magical Staves
 h - a staff of earth
Jewellery
 l - an amulet of regeneration (around neck)
 r - a +6 ring of intelligence (left hand)
 v - a ring of protection from fire (right hand)
 x - a ring of wizardry
 y - a ring of positive energy
 A - a ring of resist corrosion
Wands
 p - a wand of iceblast (16) (quivered)
Scrolls
 e - 3 scrolls of vulnerability
 n - a scroll of poison
 o - a scroll of amnesia
 J - a scroll of immolation
 M - a scroll of magic mapping
Potions
 f - 7 potions of curing
 i - 3 potions of brilliance
 m - 2 potions of lignification
 z - a potion of magic


   Skills:
 - Level 5.0 Fighting
 - Level 12.0(12.3) Axes
 - Level 3.4(7.3) Maces & Flails
 + Level 6.2 Throwing
 - Level 4.5 Armour
 - Level 4.0 Shields
 - Level 9.1 Invocations
 - Level 5.2 Evocations


You had 9 spell levels left.
You didn't know any spells.
Your spell library contained the following spells:

 Spells                   Type           Power      Damage    Failure   Level
 Apportation              Tloc           0%         N/A       91%         1
 Beastly Appendage        Tmut           0%         N/A       91%         1
 Foxfire                  Conj/Fire      0%         2x1d4     91%         1
 Necrotize                Necr           0%         1d4       91%         1
 Summon Small Mammal      Summ           0%         N/A       91%         1
 Wereblood                Tmut           0%         N/A       97%         2
 Conjure Flame            Conj/Fire      0%         6-21      100%        3
 Ignite Poison            Fire/Tmut/Pois 0%         N/A       100%        3
 Inner Flame              Hex/Fire       0%         N/A       100%        3
 Spider Form              Tmut/Pois      0%         N/A       100%        3
 Summon Guardian Golem    Hex/Summ       0%         N/A       100%        3
 Flame Wave               Conj/Fire      0%         2d4       100%        4
 Sticky Flame             Conj/Fire      0%         2d3       100%        4
 Orb of Destruction       Conj           0%         9d5       100%        7
 Spellforged Servitor     Conj/Summ      0%         N/A       100%        7


Dungeon Overview and Level Annotations

Branches:
Dungeon (9/15)             Temple (0/1) D:4             Orc (0/2) D:9
   Lair: D:8-11

Altars:
Cheibriados
Gozag

Shops:
D:1 *   D:5 !   D:9 *

Annotations:
D:9 Harold


Message History

Your +0 buckler unmelds from your body.
Your +0 plate armour unmelds from your body.
Your +6 ring of intelligence unmelds from your body.
Your ring of protection from fire unmelds from your body.
Your amulet of regeneration unmelds from your body.
Your +1 war axe of venom begins to drip with poison!
You feel clever. Something hits you. Something bites you.
* * * LOW HITPOINT WARNING * * *
Something draws strength from your injuries!
You block something's attack. Something bites you.
* * * LOW HITPOINT WARNING * * *
Something draws strength from your injuries!
Something hits you but does no damage. Something bites you.
* * * LOW HITPOINT WARNING * * *
Something draws strength from your injuries!
You hear some strange, mumbled words.
You are confused.
You hear some strange, mumbled words.
Something tries to affect you, but you resist.
You hear some strange, mumbled words.
You are more confused.
Okay, then.
You are too confused!
Unknown command.
You feel better. Something hits you!
* * * LOW HITPOINT WARNING * * *
Something bites you!
* * * LOW HITPOINT WARNING * * *
Something draws strength from your injuries!
As you read the scroll of teleportation, it crumbles to dust.
You feel strangely unstable. Something hits you.
* * * LOW HITPOINT WARNING * * *
Something bites you but does no damage. Something hits you but does no damage.
Something bites you but does no damage.
As you read the scroll of fear, it crumbles to dust.
You assume a fearsome visage.
Harold looks frightened!
Something hits you.
* * * LOW HITPOINT WARNING * * *
Something bites you.
You die...

. ..# .... ..# ####(# ###.###.#
#. .#.....#[...:#.# .
.#..C..#.....#.# .#
.......).....).# ##.#
.#.....#.†...#.##...## ##########
.# . #(.C..#........ ..........
## ###)###.#..#### ########.. .
#.......#@## #...... .#
..#.#)#!.@..##########.#...# ..⌠
.⌠......######.........#.##.
.#.....#..#..####...#######...##.
. ..⌠..#.##.......#########.###..
##.###.....#.##...............#
...........#......#############
#.........#####...#
..#########...†...#


You could see Harold (can't see you, fleeing, poisoned).

Vanquished Creatures
  Pikel (D:5)
  A cyclops (D:9)
  A manticore (D:9)
  An ancient zyme (Abyss:2)
  A hornet (D:9)
  A wyvern (D:8)
  An acid dragon (D:9)
  A water moccasin (D:6)
  2 orc warriors
  2 sky beasts
  3 black bears
  A centaur (D:9)
  An ogre (D:5)
  4 lemures (D:5)
  3 phantoms
  A kobold brigand (D:7)
  A bullfrog (D:9)
  4 gnoll sergeants
  A necrophage (D:6)
  3 scorpions
  4 killer bees (D:9)
  2 howler monkeys
  3 hounds
  Crazy Yiuf (D:4)
  4 jellies
  6 orc priests
  5 iguanas
  7 orc wizards
  Terence (D:3)
  25 gnolls
  4 adders
  2 shadow imps (D:7)
  2 white imps
  An ufetubus (D:4)
  2 dart slugs
  36 orcs
  2 bats
  6 endoplasms
  2 giant cockroaches (D:1)
  4 goblins
  8 hobgoblins
  5 jackals
  12 kobolds
  7 quokkas
  6 ball pythons
  4 frilled lizards
  7 rats (D:1)
202 creatures vanquished.

Vanquished Creatures (collateral kills)
  A wraith (D:9)
  An iron imp (D:9)
  An orc wizard (D:9)
3 creatures vanquished.

Vanquished Creatures (others)
  A wizard (D:9)
  A jackal (D:1)
  A fungus (D:1)
  6 plants (D:1)
9 creatures vanquished.

Grand Total: 214 creatures vanquished

Notes
Turn   | Place    | Note
-------+----------+-------------------------------------------
     0 | D:1      | dolemite99 the Hill Orc Fighter began the quest for the
                  | Orb.
     0 | D:1      | Reached XP level 1. HP: 19/19 MP: 1/1
   164 | D:1      | Identified a scroll of acquirement
   164 | D:1      | Acquired the -1 hat "Qigris" {Rampage Int+2 SInv}
   239 | D:1      | Reached skill level 3 in Axes
   262 | D:1      | Reached XP level 2. HP: 26/26 MP: 2/2
   272 | D:1      | Reached skill level 4 in Axes
   504 | D:1      | Reached XP level 3. HP: 30/31 MP: 3/3
  1101 | D:1      | Found Eddoskal's Assorted Antiques.
  1142 | D:1      | Bought a scroll labelled IKILUI ZENEISS for 31 gold pieces
  1179 | D:1      | Reached skill level 5 in Axes
  2043 | D:1      | Bought a glowing sapphire potion for 27 gold pieces
  2126 | D:2      | Found a faded altar of an unknown god.
  2134 | D:2      | Prayed at the altar of an unknown god.
  2134 | D:2      | Became a worshipper of Cheibriados the Contemplative
  2134 | D:2      | Reached * piety under Cheibriados
  2353 | D:2      | Reached XP level 4. HP: 39/39 MP: 4/4
  2364 | D:2      | Reached skill level 6 in Axes
  3475 | D:3      | Reached XP level 5. HP: 45/45 MP: 5/5
  3557 | D:3      | Noticed Terence
  3573 | D:3      | Killed Terence
  3574 | D:3      | Reached skill level 7 in Axes
  4170 | D:4      | Reached ** piety under Cheibriados
  4331 | D:4      | Reached skill level 8 in Axes
  4339 | D:4      | Reached XP level 6. HP: 49/51 MP: 6/6
  4498 | D:4      | Found a runed translucent door.
  4499 | D:4      | Noticed Crazy Yiuf
  4531 | D:4      | Found a staircase to the Ecumenical Temple.
  4781 | D:4      | Killed Crazy Yiuf
  4851 | D:5      | Entered Level 5 of the Dungeon
  4867 | D:5      | Reached skill level 9 in Axes
  4946 | D:5      | Noticed a black bear
  4952 | D:5      | Killed a black bear
  4953 | D:5      | Reached XP level 7. HP: 56/57 MP: 7/7
  5277 | D:5      | Found Qegeguel's Distillery.
  5323 | D:5      | Reached skill level 10 in Axes
  5575 | D:5      | Reached *** piety under Cheibriados
  5656 | D:5      | Noticed Pikel
  5679 | D:5      | Killed Pikel
  5680 | D:5      | Reached skill level 12 in Axes
  5680 | D:5      | Reached XP level 8. HP: 35/64 MP: 8/8
  5916 | D:5      | Reached skill level 1 in Invocations
  6214 | D:5      | Reached skill level 5 in Invocations
  6219 | D:5      | Bought a potion of heal wounds for 70 gold pieces
  6219 | D:5      | Bought a potion of heal wounds for 70 gold pieces
  6547 | D:6      | Reached **** piety under Cheibriados
  6743 | D:6      | Reached XP level 9. HP: 67/70 MP: 14/14
  7549 | D:6      | Reached skill level 5 in Fighting
  8033 | D:7      | Reached skill level 1 in Evocations
  8628 | D:1      | Bought a potion of curing for 93 gold pieces
  8628 | D:1      | Bought an inky potion for 27 gold pieces
  9160 | D:8      | Reached XP level 10. HP: 54/81 MP: 16/16
  9183 | D:8      | Reached skill level 5 in Evocations
  9234 | D:8      | Found an opulent altar of Gozag.
  9506 | D:9      | Noticed a manticore
  9509 | D:9      | Killed a manticore
  9707 | D:9      | Noticed a wizard
  9848 | D:9      | Found Hakhlocif's General Store.
  9876 | D:9      | Found a staircase to the Orcish Mines.
  9881 | D:9      | Bought a scroll of teleportation for 45 gold pieces
  9881 | D:9      | Bought a scroll of identify for 30 gold pieces
  9881 | D:9      | Bought a scroll of magic mapping for 52 gold pieces
  9972 | D:9      | Cast into level 2 of the Abyss (a wizard)
 10051 | Abyss:2  | Noticed a starcursed mass
 10058 | D:9      | Escaped the Abyss
 10067 | D:9      | Noticed a cyclops
 10080 | D:9      | Killed a wizard
 10081 | D:9      | Reached skill level 5 in Throwing
 10081 | D:9      | Noticed Harold
 10095 | D:9      | Killed a cyclops
 10104 | D:9      | HP: 2/81 [something (3)]
 10104 | D:9      | Slain by a vampire

Illustrated notes

Levels and vault maps discovered:
D:1:      dpeg_cavernosity, layout_rooms, serial_shops,
          nicolae_shop_overgrown_old_shop, minmay_split_cup_small
D:2:      layout_basic, dilly_ecumenical_altar_fadedgnrine
D:3:      layout_basic, minmay_between, uniq_terence
D:4:      layout_cave_pools, minmay_temple_entry_gardened_gates,
          uniq_crazy_yiuf_cottage
D:5:      layout_loops_corners, serial_shops, nicolae_shop_hallway_stairs,
          uniq_pikel
D:6:      minmay_recursive_quarters, layout_cave_pools, glass_columns_a
D:7:      layout_basic
D:8:      layout_basic, lemuel_tele_altar
D:9:      layout_rooms, orc_0_dummy, serial_shops, shop,
          minmay_chambers_of_fives, uniq_harold

Skill      XL: |  1  2  3  4  5  6  7  8  9 10 |
---------------+-------------------------------+-----
Axes           | 3 4 5 6 8 9 12 | 12.0
Maces & Flails | 2 3 |  3.4
Invocations    | 6 9 |  9.1
Fighting       | 5 |  5.0
Armour         | 4 |  4.5
Shields        | 4 |  4.0
Evocations     | 4 5 |  5.2
Throwing       | 6 |  6.2

Action                   |  1- 3 |  4- 6 |  7- 9 | 10-12 || total
-------------------------+-------+-------+-------+-------++-------
Melee: War axe           |   107 |   121 |   114 |    45 ||   387
       Whip              |       |     4 |   228 |       ||   232
       Unarmed           |       |       |       |     2 ||     2
Throw: Stone             |     9 |     7 |     2 |       ||    18
       Boomerang         |       |       |    42 |    12 ||    54
       Dart              |       |       |     4 |       ||     4
Invok: Slouch            |       |       |     3 |     2 ||     5
       Bend Time         |       |       |     1 |     2 ||     3
Evoke: Wand              |       |       |       |    10 ||    10
  Use: Scroll            |     8 |     6 |     4 |     8 ||    26
       Potion            |       |     2 |     6 |    10 ||    18
 Stab: Invisible         |       |       |     4 |     2 ||     6
Armor: Scale mail        |    77 |    43 |    89 |       ||   209
       Plate armour      |       |       |    69 |    54 ||   123
       Skin              |       |       |     5 |     7 ||    12
Dodge: Dodged            |    66 |    48 |   103 |    31 ||   248
Block: Buckler           |    23 |    24 |    94 |    21 ||   162

Table legend: (Time is in decaauts)
 A = Elapsed time spent in this place.
 B = Non-inter-level travel time spent in this place.
 C = Inter-level travel time spent in this place.
 D = Time resting spent in this place.
 E = Time spent auto-exploring this place.
 F = Levels seen in this place.
 G = Mean time per level.
                   A        B        C        D        E       F      G
               +--------+--------+--------+--------+--------+-----+--------+
         Total |  12954 |  12056 |    898 |   2438 |   7134 |  10 | 1295.4 |
       Dungeon |  12818 |  11920 |    898 |   2438 |   7134 |   9 | 1424.2 |
         Abyss |    135 |    135 |      0 |      0 |      0 |   1 |  135.0 |
               +--------+--------+--------+--------+--------+-----+--------+

Top non-repeatable levels by time:
     D:5: 2202 daAuts
     D:1: 1792 daAuts
     D:2: 1755 daAuts
     D:6: 1595 daAuts
     D:7: 1453 daAuts
     D:3: 1336 daAuts
     D:4: 1094 daAuts
     D:8: 938 daAuts
     D:9: 648 daAuts
 Abyss:2: 135 daAuts
